AoeStats
← MisoConnoisseur

Oasis

509872837Analyzed
4v4 RM · 5d ago on Sep 28, 2026· 38m 34s· 8 players
Game mode
Random Map
Map size
Large (8 player)
Population
200
Speed
Normal
Resources
Standard
Victory
Conquest
Starting age
Dark Age
Ending age
Imperial Age
RankedLock teamsTeams togetherTeam positionsShared explorationLock speedFull tech treeHidden civsTurbo modeCheats
Victory
Defeat
🇩🇪 Franks · Germany
1183
+17
🇩🇪 Ethiopians · Germany
1182
+17
🇦🇺 Danes · Australia
1160
+18
🇦🇺 Saxons · Australia
1090
+20
🇨🇴 Persians · Colombia
1215
-19
🇨🇳 Cumans · China
1207
-18
🇷🇺 Teutons · Russia
1194
-18
🇨🇳 Danes · China
1172
-17
冰石戟
2:28 Loom
9:42 Feudal Age
13:00 Double-Bit Axe
16:11 Fletching
17:27 Padded Archer Armor
Kestrel
0:25 Loom
10:18 Feudal Age
17:05 Castle Age
17:12 Fletching
[-----3cm-----]
11:50 Feudal Age
17:22 Castle Age
15:20 Horse Collar
16:53 Fletching
19:02 Double-Bit Axe
23:28 Scale Barding Armor
23:33 Loom
24:32 Forging
24:39 Bloodlines
27:48 Chain Barding Armor
34:55 Imperial Age
33:03 Wheelbarrow
32:40 Bow Saw
32:32 Heavy Plow
32:25 Gold Mining
35:18 Iron Casting
35:05 Cavalier
37:59 Blast Furnace
飞鱼
2:12 Loom
11:59 Feudal Age
12:33 Man-at-Arms
13:21 Double-Bit Axe
Keelee
1:32 Loom
10:25 Feudal Age
11:18 Double-Bit Axe
13:48 Fletching
13:59 Padded Archer Armor
21:44 Castle Age
20:42 Horse Collar
20:54 Gold Mining
21:45 Crossbowman
23:12 Wheelbarrow
22:35 Bodkin Arrow
22:56 Leather Archer Armor
24:15 Ballistics
24:38 Thumb Ring
32:38 Imperial Age
31:14 Gold Shaft Mining
31:12 Bow Saw
32:57 Arbalester
35:24 Chemistry
35:19 Bracer
Godspeed
7:26 Loom
9:58 Feudal Age
13:20 Scale Barding Armor
13:25 Forging
21:11 Castle Age
20:34 Gold Mining
20:34 Stone Mining
28:16 Husbandry
28:56 Wheelbarrow
28:06 Town Watch
31:57 Imperial Age
30:12 Iron Casting
29:58 Chain Barding Armor
32:03 Cavalier
35:49 Gold Shaft Mining
MisoConnoisseur
7:14 Loom
9:47 Feudal Age
10:15 Feudal Age
11:07 Double-Bit Axe
14:57 Castle Age
13:18 Horse Collar
15:22 Wheelbarrow
16:01 Stone Mining
16:36 Bow Saw
17:15 Hand Cart
17:05 Fletching
17:49 Gold Mining
21:22 Guard Tower
21:51 Bodkin Arrow
22:14 Treadmill Crane
23:55 Ballistics
24:52 Gold Shaft Mining
26:53 Sanctity
27:04 Redemption
27:13 Redemption
27:24 Sanctity
27:25 Town Watch
32:26 Town Patrol
37:05 Imperial Age
37:42 Scale Mail Armor
Weak Foe Ahead
7:58 Loom
10:01 Feudal Age
10:12 Man-at-Arms
11:58 Arson
14:56 Scale Mail Armor
22:19 Castle Age
20:50 Fletching
22:05 Double-Bit Axe
23:12 Bodkin Arrow
24:51 Squires
27:03 Ballistics
26:47 Elite Skirmisher
31:32 Wheelbarrow
32:37 Chain Mail Armor
38:16 Forging
38:00 Hamask
Connection lost

Rejoining the realm…

Still unreachable

The connection could not be restored.

Session expired

The server has moved on; the page needs a fresh start.